 Dungeon Crawl Stone Soup version 0.28-a0-1560-g060a6a1bfc (webtiles) character file.

Game seed: 2114725472565977190

964 Nattfarinn the Chopper (level 8, -7/52 HPs)
             Began as a Gargoyle Fighter on Jan 19, 2022.
             Mangled by a yak (9 damage)
             ... on level 4 of the Dungeon.
             The game lasted 00:03:21 (3524 turns).

Nattfarinn the Chopper (Gargoyle Fighter)           Turns: 3524, Time: 00:03:21

Health: -7/52      AC: 15    Str: 22    XL:     8   Next: 15%
Magic:  8/8        EV:  9    Int:  9    God:
Gold:   120        SH:  4    Dex:  9    Spells: 7/7 levels left

rFire   . . .      SeeInvis .   a - +0 war axe
rCold   . . .      Faith    .   c - +0 buckler
rNeg    + . .      Spirit   .   b - +0 scale mail
rPois   ∞          Reflect  .   l - +2 hat
rElec   +          Harm     .   m - +0 cloak
rCorr   .          Rampage  .   (no gloves)
Will    .....                   (no boots)
Stlth   ..........              (no amulet)
HPRegen 0.17/turn               (no ring)
MPRegen 0.11/turn               (no ring)

@: mighty
A: sickness immunity, AC +5, negative energy resistance 1, electricity
resistance, torment resistance 1, petrification resistance
a: no special abilities


You were on level 4 of the Dungeon.
You visited 1 branch of the dungeon, and saw 4 of its levels.

You collected 120 gold pieces.

Inventory:

Hand Weapons
 a - a +0 war axe (weapon)
Armour
 b - a +0 scale mail (worn)
 c - a +0 buckler (worn)
 l - a +2 hat (worn)
 m - a +0 cloak (worn)
Scrolls
 e - 3 scrolls of identify {unknown}
 g - 3 scrolls of noise {unknown}
 h - a scroll of fear {unknown}
 i - a scroll of teleportation {unknown}
 o - a scroll of enchant armour {unknown}
 p - 2 scrolls of fog {unknown}
 q - a scroll of enchant weapon {unknown}
 r - a scroll of blinking {unknown}
Potions
 f - 2 potions of curing {unknown}
 j - 2 potions of brilliance {unknown}
 k - 2 potions of heal wounds {unknown}
 n - a potion of resistance {unknown}
 s - 2 potions of attraction {unknown}


   Skills:
 + Level 6.6 Fighting
 * Level 7.0 Axes
 - Level 3.2 Armour
 - Level 3.2 Shields


You had 7 spell levels left.
You didn't know any spells.
Your spell library contained the following spells:

 Spells                   Type           Power      Damage    Failure   Level
 Shock                    Conj/Air       0%         1d3       80%         1
 Gell's Gravitas          Tloc           0%         N/A       99%         3
 Swiftness                Air            0%         N/A       99%         3
 Teleport Other           Tloc           0%         N/A       99%         3
 Airstrike                Air            0%         N/A       100%        4
 Dispersal                Tloc           0%         N/A       100%        6


Dungeon Overview and Level Annotations

Branches:
Dungeon (4/15)
 Temple: D:4-7

Altars:
Gozag

Annotations:
D:2 1 runed translucent door, Crazy Yiuf


Innate Abilities, Weirdness & Mutations

You are immune to sickness and miasma.
Your stone body is resilient. (AC +5)
You are immune to poison.
You resist negative energy. (rN+)
You are resistant to electric shocks. (rElec)
You are resistant to unholy torment.
You are immune to petrification.


Message History

You slice the yak!!
The yak is heavily wounded.
You slash the yak!
The yak is almost dead.
You slash the yak! The yak gores you! The yak gores you.
You slash the yak!
You kill the yak!
You barely miss the yak. You block the yak's attack.
The yak gores you but does no damage.
You barely miss the yak. You slash the yak! The yak gores you.
The yak barely misses you.
You hit the yak.
The yak is lightly wounded.
You slash the yak!
You kill the yak!
The yak gores you.
Your Axes skill increases to level 7!
You have reached level 8!
You feel clever.
You closely miss the yak.
The yak is lightly wounded.
You completely miss the yak.
The yak gores you but does no damage. x2
Unknown command.
You barely miss the yak.
The yak is lightly wounded.
You slash the yak! The yak gores you but does no damage. The yak gores you.
You slash the yak!
The yak is heavily wounded.
You barely miss the yak.
The yak gores you. x2; The yak barely misses you.
You closely miss the yak.
The yak is heavily wounded.
You slash the yak! The yak gores you!
* * * LOW HITPOINT WARNING * * *
The yak gores you but does no damage. The yak gores you!
* * * LOW HITPOINT WARNING * * *
Unknown command.
You slash the yak!
The yak is almost dead.
The yak gores you!
You die...

########## ####.........
#....Y.# #.##Y#.# #@#.#
...#.##.#.#.# .....##.#(#.#
....##.#.#.# ....##.#.#.#
#...##.#.#.# #.#.##.#.#.#
#########
#######.#.##[..#.####........
....................+........


You could see 2 yaks.

Vanquished Creatures
  Grinder (D:4)
  2 yaks (D:4)
  A centaur (D:3)
  An ogre (D:4)
  A scorpion (D:3)
  A vampire bat (D:3)
  A hound (D:4)
  6 adders
  4 worms
  2 dart slugs
  3 fire bats (D:3)
  2 orcs (D:3)
  2 spectral bats (D:3)
  3 ball pythons
  13 bats
  3 bat skeletons (D:3)
  A bat zombie (D:3)
  4 endoplasms
  2 giant cockroaches
  5 goblins
  5 hobgoblins
  4 kobolds
  3 quokkas
  A bat simulacrum (D:3)
  4 frilled lizards
  6 rats
81 creatures vanquished.

Notes
Turn   | Place    | Note
-------+----------+-------------------------------------------
     0 | D:1      | Nattfarinn the Gargoyle Fighter began the quest for the
                  | Orb.
     0 | D:1      | Reached XP level 1. HP: 14/14 MP: 1/1
   203 | D:1      | Reached skill level 2 in Axes
   234 | D:1      | Reached XP level 2. HP: 15/19 MP: 2/2
  1192 | D:2      | Reached XP level 3. HP: 19/24 MP: 3/3
  1368 | D:2      | Reached skill level 3 in Axes
  1557 | D:2      | Reached XP level 4. HP: 16/29 MP: 4/4
  1820 | D:2      | Found a faded altar of an unknown god.
  2139 | D:2      | Found a runed translucent door.
  2140 | D:2      | Noticed Crazy Yiuf
  2437 | D:3      | Found an opulent altar of Gozag.
  2492 | D:3      | Noticed a scorpion
  2499 | D:3      | Killed a scorpion
  2500 | D:3      | Reached skill level 4 in Axes
  2500 | D:3      | Reached XP level 5. HP: 34/34 MP: 5/5
  2520 | D:3      | Noticed a centaur
  2529 | D:3      | Killed a centaur
  2530 | D:3      | Reached XP level 6. HP: 24/40 MP: 6/6
  2712 | D:3      | Reached skill level 5 in Fighting
  2733 | D:3      | Reached skill level 5 in Axes
  3278 | D:4      | Noticed Grinder
  3285 | D:4      | Reached XP level 7. HP: 37/44 MP: 7/7
  3286 | D:4      | Paralysed by Grinder for 3 turns
  3292 | D:4      | Killed Grinder
  3293 | D:4      | Reached skill level 6 in Axes
  3509 | D:4      | Noticed a yak
  3509 | D:4      | Noticed a yak
  3509 | D:4      | Noticed a yak
  3510 | D:4      | Noticed a yak
  3515 | D:4      | Killed a yak
  3517 | D:4      | Killed a yak
  3518 | D:4      | Reached skill level 7 in Axes
  3518 | D:4      | Reached XP level 8. HP: 32/52 MP: 8/8
  3521 | D:4      | HP: 1/52 [yak (9)]
  3524 | D:4      | Mangled by a yak

Illustrated notes

Levels and vault maps discovered:
D:1:      lightli_arrival_chessboard, layout_basic
D:2:      layout_loops_cross, hellmonk_ecumenical_altar_arch_garden,
          uniq_crazy_yiuf_cottage
D:3:      layout_basic, mainiacjoe_overflow_small_starburst, goddamned_bats
D:4:      layout_basic, lemuel_crystal_altar, uniq_grinder

Skill      XL: |  1  2  3  4  5  6  7 |
---------------+----------------------+-----
Axes           | 2 3 4 5 7 |  7.0
Fighting       | 4 5 6 |  6.6
Armour         | |  3.2
Shields        | |  3.2

Action                   |  1- 3 |  4- 6 |  7- 9 || total
-------------------------+-------+-------+-------++-------
Melee: War axe           |    84 |   135 |    24 ||   243
  Use: Potion            |       |     1 |     1 ||     2
Armor: Scale mail        |    64 |   131 |    18 ||   213
Dodge: Dodged            |    43 |    94 |     8 ||   145
Block: Buckler           |    18 |    35 |     1 ||    54

Table legend: (Time is in decaauts)
 A = Elapsed time spent in this place.
 B = Non-inter-level travel time spent in this place.
 C = Inter-level travel time spent in this place.
 D = Time resting spent in this place.
 E = Time spent auto-exploring this place.
 F = Levels seen in this place.
 G = Mean time per level.
                   A        B        C        D        E       F      G
               +--------+--------+--------+--------+--------+-----+--------+
         Total |   3605 |   3484 |    121 |      0 |   2936 |   4 |  901.2 |
       Dungeon |   3605 |   3484 |    121 |      0 |   2936 |   4 |  901.2 |
               +--------+--------+--------+--------+--------+-----+--------+

Top non-repeatable levels by time:
     D:1: 1185 daAuts
     D:2: 1177 daAuts
     D:3: 921 daAuts
     D:4: 321 daAuts
